 Dungeon Crawl Stone Soup version 0.25.1-2-g60ff931df9 (webtiles) character file.

Game seed: 10330719209227772443

15349 Elvor the Basher (level 12, -7/113 HPs)
             Began as a Minotaur Fighter on Aug 23, 2020.
             Was a High Priest of Okawaru.
             Mangled by an orc warrior
             ... wielding a +0 dire flail
              (17 damage)
             ... on level 12 of the Dungeon.
             The game lasted 01:24:53 (11072 turns).

Elvor the Basher (Minotaur Fighter)                Turns: 11072, Time: 01:24:54

Health: -7/113     AC: 18    Str: 32    XL:     12   Next: 0%
Magic:  9/11       EV: 11    Int:  5    God:    Okawaru [*****.]
Gold:   431        SH: 20    Dex: 10    Spells: 10/11 levels left

rFire    . . .     SeeInvis .   E - +3 morningstar
rCold    . . .     Gourm    .   c - +0 kite shield
rNeg     . . .     Faith    .   Y - +0 plate armour
rPois    .         Spirit   .   (helmet restricted)
rElec    .         Reflect  +   (no cloak)
rCorr    .         Harm     .   (no gloves)
MR       .....     Rnd*Tele +   M - +0 pair of boots
Stlth    ..........             h - amulet of reflection
HPRegen  0.28/turn              k - ring of teleportation (curse)
MPRegen  0.12/turn              b - +6 ring of strength

@: mighty, heroism, lightly drained
A: retaliatory headbutt, horns 2
a: Heroism, Finesse, Renounce Religion


You were on level 12 of the Dungeon.
You worshipped Okawaru.
Okawaru was extremely pleased with you.
You were not hungry.

You visited 2 branches of the dungeon, and saw 13 of its levels.

You collected 930 gold pieces.
You spent 499 gold pieces at shops.

Inventory:

Hand Weapons
 E - a +3 morningstar (weapon)
Missiles
 d - 5 silver boomerangs
 x - 26 boomerangs (quivered)
Armour
 a - a +1 ring mail of positive energy
 c - a +0 kite shield (worn)
 g - a +2 chain mail of magic resistance
 M - a +0 pair of boots (worn)
 Y - a +0 plate armour (worn)
Jewellery
 b - a +6 ring of strength (right hand)
 h - an amulet of reflection (around neck)
 k - a cursed ring of teleportation (left hand)
Wands
 n - a wand of flame (42)
 u - a wand of enslavement (9)
 y - a wand of iceblast (8)
 Q - a wand of acid (5)
Scrolls
 i - 8 scrolls of teleportation
 B - 5 scrolls of magic mapping
 H - 3 scrolls of immolation
 N - a scroll of fog
 W - a scroll of fear
Potions
 e - 5 potions of lignification
 m - 6 potions of curing
 o - a potion of invisibility
 z - a potion of degeneration {unknown}
 C - 2 potions of haste
 J - 2 potions of flight
 L - a potion of might
 P - 2 potions of heal wounds {unknown}
 R - 2 potions of cancellation {unknown}
 S - a potion of brilliance {unknown}
Comestibles
 f - 17 rations
 j - a chunk of flesh


   Skills:
 * Level 12.5(16.9) Fighting
 + Level 12.8(17.2) Maces & Flails
 + Level 3.7(8.3) Throwing
 + Level 10.1(14.6) Armour
 + Level 2.4(7.0) Dodging
 + Level 11.2(15.7) Shields


You had 10 spell levels left.
You knew the following spells:

 Your Spells              Type           Power        Failure   Level  Hunger
a - Apportation           Tloc           #.....       95%         1    ##.....

Your spell library contained the following spells:

 Spells                   Type           Power        Failure   Level  Hunger
 Animate Skeleton         Necr           N/A          95%         1    ##.....
 Corona                   Hex            #......      95%         1    ##.....
 Pain                     Necr           #...         95%         1    ##.....
 Summon Small Mammal      Summ           #...         95%         1    ##.....
 Call Imp                 Summ           #.......     99%         2    ###....
 Poisonous Vapours        Pois/Air       #.....       99%         2    ###....
 Call Canine Familiar     Summ           #.......     100%        3    ####...
 Conjure Flame            Conj/Fire      #.......     100%        3    ####...
 Mephitic Cloud           Conj/Pois/Air  #.......     100%        3    ####...
 Summon Guardian Golem    Hex/Summ       #.......     100%        3    ####...
 Vampiric Draining        Necr           #.........   100%        3    ####...
 Animate Dead             Necr           N/A          100%        4    #####..
 Summon Ice Beast         Ice/Summ       #.......     100%        4    #####..
 Summon Lightning Spire   Summ/Air       #.......     100%        4    #####..
 Agony                    Necr           #.......     100%        5    ######.
 Freezing Cloud           Conj/Ice/Air   #.........   100%        6    #######
 Ring of Flames           Chrm/Fire      #.........   100%        7    #######


Dungeon Overview and Level Annotations

Branches:
Dungeon (12/15)            Temple (1/1) D:6             Orc (0/2) D:12
   Lair: D:8-11

Altars:
Ashenzari
Cheibriados
Dithmenos
Elyvilon
Fedhas
Gozag
Hepliaklqana
Kikubaaqudgha
Makhleb
Nemelex Xobeh
Okawaru
Qazlal
Ru
Sif Muna
Trog
Uskayaw
Vehumet
Wu Jian
Xom
Yredelemnul
Zin
The Shining One

Shops:
D:7 *   D:12 :


Innate Abilities, Weirdness & Mutations

You reflexively headbutt those who attack you in melee.
You have a pair of horns on your head.


Message History

The orc warlord is almost dead.
You block the orc warrior's attack. x2
The orc warrior hits you with a +2 battleaxe of flaming!!
* * * LOW HITPOINT WARNING * * *
The orc warrior burns you!
* * * LOW HITPOINT WARNING * * *
You hit the orc warlord.
The orc warlord is almost dead.
You block the orc warrior's attack.
The orc warlord hits you but does no damage.
You barely miss the orc warlord. Your headbutt misses the orc warlord.
The orc warlord is almost dead.
An orc warrior comes into view. It is wielding a +0 mace.
You block the orc warrior's attack.
The orc warrior hits you with a +2 battleaxe of flaming.
* * * LOW HITPOINT WARNING * * *
The orc warrior burns you.
* * * LOW HITPOINT WARNING * * *
The orc warrior hits you with a +0 dire flail!
You die...

#..≈≈≈≈...##o##...≈≈≈≈..#
#..≈≈≈...##...##...≈≈≈..##
#..≈≈...##.._..##...≈≈...#
#..≈...##.......##...≈...#
#.....###.......###......#
#.....# +.......')#......#
#....## ......# ##.....#
#....# #oo.# #.....#
#...## #@o.# ##....###
#...# ##o## #....... #..##
e8# ##..#### #..# .o.o
#..# #..# ...## #..# #..#
..## #..# #..# o##..(##.
#..# #..# .....(e #..##
#..# ....... #...#


You could see an orc warlord, a deep elf knight and 5 orc warriors.

Vanquished Creatures
  A centaur warrior (D:12)
  A two-headed ogre (D:10)
  An unseen horror (D:10)
  Pikel (D:5)
  A deep elf mage (D:12)
  A cyclops (D:11)
  2 ugly things
  A centaur zombie (D:12)
  2 trolls
  Grinder (D:6)
  2 hornets
  Prince Ribbit (D:5)
  5 hippogriffs
  2 wraiths
  8 yaks
  The ghost of Richi the Chopper, an amateur HOMo of Beogh (D:4)
  2 hogs (D:10)
  A human (D:10)
  A steam dragon (D:12)
  4 wargs (D:11)
  Duvessa (D:6)
  A black bear (D:7)
  14 orc warriors
  3 ice beasts
  A phantom (D:2)
  4 sky beasts
  8 ogres
  4 centaurs
  3 bullfrogs
  A big kobold (D:7)
  2 gnoll sergeants
  Dowan (D:6)
  A scorpion (D:9)
  13 killer bees
  3 wights (D:11)
  3 howler monkeys
  3 crimson imps
  2 quasits
  7 hounds
  3 jellies
  4 bullfrog skeletons
  9 orc priests
  14 orc wizards
  A centaur skeleton (D:11)
  4 iguanas
  Natasha (thrice) (D:2)
  Ijyb (D:5)
  7 worker ants
  A hound skeleton (D:4)
  A worker ant zombie (D:8)
  Robin (D:3)
  8 gnolls
  A howler monkey skeleton (D:4)
  15 adders
  A shadow imp (D:7)
  An ooze (D:4)
  An adder zombie (D:9)
  An adder skeleton (D:4)
  5 worms
  2 dart slugs
  5 leopard geckos
  48 orcs
  10 giant cockroaches
  11 goblins
  8 hobgoblins
  3 jackals (D:4)
  9 kobolds
  2 quokkas
  4 ball pythons
  2 bats
  3 frilled lizards
  2 leopard gecko skeletons
  2 quokka skeletons
  A quokka zombie (D:6)
  11 rats
319 creatures vanquished.

Vanquished Creatures (others)
  A worker ant (D:5)
  An orc wizard (D:12)
  A leopard gecko (D:5)
3 creatures vanquished.

Grand Total: 322 creatures vanquished

Notes
Turn   | Place    | Note
-------+----------+-------------------------------------------
     0 | D:1      | Elvor the Minotaur Fighter began the quest for the Orb.
     0 | D:1      | Reached XP level 1. HP: 19/19 MP: 0/0
   206 | D:1      | Reached XP level 2. HP: 25/27 MP: 1/1
   659 | D:2      | Noticed Natasha
   668 | D:2      | Killed Natasha
   668 | D:2      | Reached XP level 3. HP: 13/34 MP: 2/2
   761 | D:2      | Learned a level 1 spell: Apportation
   954 | D:2      | Noticed Natasha
   960 | D:2      | Killed Natasha
   960 | D:2      | Reached XP level 4. HP: 37/41 MP: 3/3
  1014 | D:2      | Noticed Natasha
  1019 | D:2      | Killed Natasha
  1111 | D:2      | Found a radiant altar of Vehumet.
  1178 | D:2      | Noticed a phantom
  1196 | D:2      | Killed a phantom
  1196 | D:2      | Reached skill level 5 in Fighting
  1196 | D:2      | Reached XP level 5. HP: 23/48 MP: 4/4
  1290 | D:3      | Noticed Robin
  1297 | D:3      | Killed Robin
  1304 | D:3      | Reached skill level 5 in Maces & Flails
  1502 | D:3      | Reached XP level 6. HP: 36/56 MP: 5/5
  1974 | D:4      | Found a runed translucent door.
  1993 | D:4      | Noticed Richi's ghost (amateur HOMo)
  2100 | D:4      | Found a blossoming altar of Fedhas.
  2151 | D:4      | Reached skill level 5 in Armour
  2151 | D:4      | Reached skill level 5 in Shields
  2161 | D:4      | Reached XP level 7. HP: 51/63 MP: 6/6
  2516 | D:4      | Killed Richi's ghost
  2548 | D:5      | Entered Level 5 of the Dungeon
  2752 | D:5      | Noticed Pikel
  2768 | D:5      | Killed Pikel
  2768 | D:5      | Reached skill level 1 in Dodging
  2768 | D:5      | Reached XP level 8. HP: 49/73 MP: 7/7
  2820 | D:5      | Reached skill level 1 in Throwing
  3040 | D:5      | Noticed Ijyb
  3045 | D:5      | Killed Ijyb
  3207 | D:6      | Noticed Prince Ribbit
  3245 | D:5      | Killed Prince Ribbit
  3678 | D:6      | Reached XP level 9. HP: 54/81 MP: 8/8
  3680 | D:6      | Found a staircase to the Ecumenical Temple.
  3728 | Temple   | Entered the Ecumenical Temple
  3852 | Temple   | Became a worshipper of Warmaster Okawaru
  3887 | D:6      | Noticed Grinder
  3895 | D:6      | Paralysed by Grinder for 2 turns
  3898 | D:6      | Killed Grinder
  3984 | D:6      | Noticed Dowan
  3984 | D:6      | Noticed Duvessa
  3995 | D:6      | Killed Duvessa
  4006 | D:6      | Killed Dowan
  4211 | D:6      | Found an ancient bone altar of Kikubaaqudgha.
  4246 | D:6      | Found a shadowy altar of Dithmenos.
  4508 | D:7      | Reached * piety under Okawaru
  4823 | D:7      | Found Mogaurit's General Store.
  5039 | D:7      | Reached ** piety under Okawaru
  5039 | D:7      | Reached skill level 10 in Maces & Flails
  5292 | D:7      | Bought a scroll of identify for 26 gold pieces
  5292 | D:7      | Identified a scroll of acquirement
  5305 | D:7      | Bought 3 scrolls of enchant weapon for 292 gold pieces
  5305 | D:7      | Bought a scroll of enchant armour for 97 gold pieces
  5305 | D:7      | Bought a scroll of teleportation for 39 gold pieces
  5305 | D:7      | Bought a scroll of magic mapping for 45 gold pieces
  5336 | D:7      | Reached XP level 10. HP: 39/91 MP: 9/9
  5803 | D:8      | Reached *** piety under Okawaru
  5879 | D:8      | Paralysed by a hornet for 2 turns
  5945 | D:8      | Found an ornate altar of the Wu Jian Council.
  5994 | D:8      | You fall into a shaft and drop 1 floor!
  6002 | D:9      | Reached skill level 10 in Fighting
  6190 | D:9      | Received a gift from Okawaru
  6774 | D:10     | Entered Level 10 of the Dungeon
  6987 | D:10     | Reached **** piety under Okawaru
  7925 | D:10     | Killed an unseen horror
  7925 | D:10     | Reached skill level 10 in Shields
  7981 | D:10     | Noticed a two-headed ogre
  7999 | D:10     | Killed a two-headed ogre
  7999 | D:10     | Received a gift from Okawaru
  8274 | D:10     | Reached XP level 11. HP: 94/102 MP: 10/10
  8610 | D:10     | Reached ***** piety under Okawaru
  8811 | D:11     | Noticed a purple ugly thing
  8825 | D:11     | Killed a purple ugly thing
  9519 | D:12     | Noticed a brown ugly thing
  9530 | D:12     | Killed a brown ugly thing
  9530 | D:12     | Received a gift from Okawaru
  9654 | D:12     | Found Laplil's Book Shop.
 10205 | D:12     | Reached skill level 10 in Armour
 10215 | D:12     | Found a staircase to the Orcish Mines.
 10311 | D:12     | Noticed a deep elf mage
 10338 | D:12     | HP: 3/104 [deep elf mage/bolt of negative energy (36)]
 10686 | D:12     | Killed a deep elf mage
 10873 | D:12     | Found an iron altar of Okawaru.
 10873 | D:12     | Noticed an orc warlord
 11036 | D:12     | Noticed a centaur warrior
 11036 | D:12     | Noticed a deep elf knight
 11050 | D:12     | Noticed a centaur warrior
 11053 | D:12     | Killed a centaur warrior
 11057 | D:12     | Reached XP level 12. HP: 69/113 MP: 11/11
 11072 | D:12     | Mangled by an orc warrior

Illustrated notes

Levels and vault maps discovered:
D:1:      dpeg_arrival_prison, layout_loops_ring
D:2:      layout_loops_cross, lemuel_statue_altar, uniq_natasha
D:3:      layout_basic, uniq_robin
D:4:      layout_rooms, ebering_ghost_sewer_d, fedhas_altar_3
D:5:      layout_loops_ring, first_ration, uniq_ijyb, uniq_pikel
D:6:      layout_loops_ring, kennysheep_mini, temple_fountains,
          minmay_misc_feat_pillars, grunt_dithmenos_smoke, uniq_duvessa,
          uniq_prince_ribbit1, uniq_grinder
D:7:      layout_loops_ring, serial_shops, kennysheep_mini_moat
D:8:      layout_rooms, overflow_temple_1_default, lair_entry_dummy
D:9:      layout_cave_pods
D:10:     layout_cave_pods, grunt_livestock
D:11:     layout_roguey, nooodl_orcs_dogs
D:12:     evilmike_iron_armoury, layout_loops_cross, david_orc_4, serial_shops,
          shop_coins
Temple:   regret_index_temple_chain_breaker

Skill      XL: |  1  2  3  4  5  6  7  8  9 10 11 |
---------------+----------------------------------+-----
Fighting       | 4 5 6 7 9 11 12 | 12.5
Armour         | 4 5 6 7 9 10 | 10.1
Shields        | 4 5 6 7 8 10 11 | 11.2
Maces & Flails | 3 4 5 7 8 10 11 12 | 12.8
Dodging        | 1 2 |  2.4
Throwing       | 1 2 3 |  3.7

Action                   |  1- 3 |  4- 6 |  7- 9 | 10-12 || total
-------------------------+-------+-------+-------+-------++-------
Melee: Flail             |    60 |   150 |   310 |   332 ||   852
       Headbutt          |     7 |    24 |    55 |   126 ||   212
       Morningstar       |       |       |       |   201 ||   201
Throw: Dart              |       |     4 |    17 |    17 ||    38
       Boomerang         |       |       |       |    22 ||    22
Invok: Heroism           |       |       |       |     1 ||     1
  Use: Scroll            |       |     5 |     9 |     8 ||    22
       Potion            |       |     2 |     1 |     2 ||     5
  Eat: Chunk             |       |     1 |     1 |     2 ||     4
       Ration            |       |     1 |     3 |     5 ||     9
Armor: Scale mail        |    12 |    30 |       |       ||    42
       Plate armour      |       |    38 |    58 |   251 ||   347
       Skin              |       |       |     4 |       ||     4
       Robe              |       |       |     5 |     5 ||    10
Dodge: Dodged            |    10 |    33 |    39 |    74 ||   156
Block: Kite shield       |    25 |    97 |   215 |   373 ||   710
       Reflection        |       |     2 |     8 |    16 ||    26
       Other             |       |       |       |     4 ||     4
